 Dungeon Crawl Stone Soup version 0.28-a0-503-g83f2989fac (webtiles) character file.

Game seed: 11590235299304306672

406 siradein the Charlatan (level 6, -7/47 HPs)
             Began as a Gnoll Artificer on Sept 20, 2021.
             Mangled by a gnoll shaman (8 damage)
             ... on level 3 of the Dungeon.
             The game lasted 00:11:21 (4335 turns).

siradein the Charlatan (Gnoll Artificer)            Turns: 4335, Time: 00:11:22

Health: -7/47      AC: 15    Str: 12    XL:     6   Next: 87%
Magic:  9/9        EV: 10    Int: 10    God:
Gold:   137        SH:  0    Dex: 14    Spells: 9/9 levels left

rFire   . . .      SeeInvis .   l - +1 flail (protect)
rCold   . . .      Faith    .   (no shield)
rNeg    . . .      Spirit   .   r - +0 scale mail
rPois   .          Reflect  .   (no helmet)
rElec   .          Harm     .   i - +0 cloak
rCorr   .          Rampage  .   (no gloves)
Will    .....                   (no boots)
Stlth   +.........              (no amulet)
HPRegen 0.15/turn               (no ring)
MPRegen 0.11/turn               (no ring)

@: under a protective aura
A: fangs 1, strong nose, distributed training
a: no special abilities


You were on level 3 of the Dungeon.
You visited 1 branch of the dungeon, and saw 4 of its levels.

You collected 137 gold pieces.

Inventory:

Hand Weapons
 h - a +4 dagger
 l - a +1 flail of protection (weapon)
Armour
 i - a +0 cloak (worn)
 r - a +0 scale mail (worn)
Wands
 c - a wand of flame (15) (quivered)
 d - a wand of charming (15)
 g - a wand of polymorph (11)
Scrolls
 k - a scroll of noise {unknown}
 m - 2 scrolls of identify {unknown}
 n - a scroll of enchant weapon {unknown}
 o - a scroll of fear {unknown}
Potions
 a - a potion of curing {unknown}
 b - 2 potions of heal wounds {unknown}
 f - a potion of attraction {unknown}
 j - 2 potions of flight {unknown}
 p - a potion of degeneration {unknown}
 q - a potion of lignification {unknown}
 s - a potion of magic {unknown}
 t - a potion of resistance {unknown}
Miscellaneous
 e - a piece from Xom's chessboard (15/15)


   Skills:
 + Level 3.3 Fighting
 + Level 2.1 Short Blades
 + Level 2.1 Long Blades
 + Level 2.1 Axes
 + Level 2.1 Maces & Flails
 + Level 2.1 Polearms
 + Level 2.1 Staves
 + Level 2.1 Slings
 + Level 2.1 Bows
 + Level 2.1 Crossbows
 + Level 2.1 Throwing
 + Level 5.0 Armour
 + Level 3.3 Dodging
 + Level 3.2 Stealth
 + Level 2.1 Shields
 + Level 2.1 Unarmed Combat
 + Level 2.1 Spellcasting
 + Level 1.7 Conjurations
 + Level 1.7 Hexes
 + Level 1.7 Summonings
 + Level 1.7 Necromancy
 + Level 1.7 Translocations
 + Level 1.7 Transmutations
 + Level 1.7 Fire Magic
 + Level 1.7 Ice Magic
 + Level 1.7 Air Magic
 + Level 1.7 Earth Magic
 + Level 1.7 Poison Magic
 + Level 2.3 Invocations
 + Level 6.9 Evocations


You had 9 spell levels left.
You didn't know any spells.
Your spell library was empty.

Dungeon Overview and Level Annotations

Branches:
Dungeon (4/15)
 Temple: D:4-7

Altars:
Okawaru
Trog
Uskayaw


Innate Abilities, Weirdness & Mutations

You have very sharp teeth.
Your uncanny sense of smell can sniff out nearby items.
Your experience applies equally to all skills.


Message History

You bite the gnoll shaman, but do no damage.
The gnoll shaman is almost dead.
The gnoll shaman closely misses you.
You hit the gnoll shaman but do no damage.
The gnoll shaman is almost dead.
The gnoll shaman hits you but does no damage.
The gnoll shaman mumbles some strange prayers to its god.
The gnoll shaman is healed somewhat.
You barely miss the gnoll shaman.
The gnoll shaman is severely wounded.
The gnoll shaman closely misses you.
You hit the gnoll shaman.
You bite the gnoll shaman, but do no damage.
The gnoll shaman is almost dead.
The gnoll shaman prays to its god.
The gnoll shaman is healed somewhat.
You closely miss the gnoll shaman.
The gnoll shaman is heavily wounded.
You are no longer glowing.
The gnoll shaman invokes the aid of its god against you.
You resist with some effort.
The gnoll shaman hits you with a +0 whip!
* * * LOW HITPOINT WARNING * * *
You hit the gnoll shaman.
The gnoll shaman is severely wounded.
The gnoll shaman barely misses you.
You barely miss the gnoll shaman.
You bite the gnoll shaman, but do no damage.
The gnoll shaman is severely wounded.
The gnoll shaman prays to its god.
The gnoll shaman is healed somewhat.
You hit the gnoll shaman but do no damage.
The gnoll shaman is heavily wounded.
The gnoll shaman hits you but does no damage.
You barely miss the gnoll shaman.
The gnoll shaman is heavily wounded.
The gnoll shaman hits you with a +0 whip.
* * * LOW HITPOINT WARNING * * *
The gnoll shaman hits you with a +0 whip!
You die...

#.#####......# #..#.#.##.## #.#
#.##.#.# #......#...#
####.#####.##.#.# #.....##...#
#.............#.# ####.##.....
#.#..#.#.#.####.#### ####..^..
#)#..#.............####....8..
#.#...............###......#..
####....#.#.###....###_.....8###8
............# ##@###.###......#.†
.####...##### #.g.##..####....8..
######.#### #.......#..###.....
#.......# #...##.##.#.##.....
#.......# #...##......###...# #
#.....[.# #...#####.##..#...# #
#..>....# #.............##.## #
#.......#####...#####......#_#. #
#..........................###.


You could see a gnoll shaman.

Vanquished Creatures
  A sky beast (D:3)
  A necrophage (D:3)
  An orc priest (D:2)
  Jessica (D:2)
  Ijyb (D:3)
  Natasha (D:2)
  A gnoll (D:4)
  4 adders
  An adder skeleton (D:4)
  A worm (D:2)
  A dart slug (D:2)
  10 orcs
  4 ball pythons
  7 endoplasms
  A hobgoblin (D:2)
  6 kobolds (D:2)
  3 quokkas
  10 bats
  4 frilled lizards
  5 goblins
  6 rats
70 creatures vanquished.

Notes
Turn   | Place    | Note
-------+----------+-------------------------------------------
     0 | D:1      | siradein the Gnoll Artificer began the quest for the Orb.
     0 | D:1      | Reached XP level 1. HP: 17/17 MP: 1/1
   966 | D:1      | Reached XP level 2. HP: 23/23 MP: 2/2
  1621 | D:2      | Found a faded altar of an unknown god.
  1653 | D:2      | Noticed Natasha
  1671 | D:2      | Killed Natasha
  1672 | D:2      | Reached skill level 1 in Invocations
  1672 | D:2      | Reached XP level 3. HP: 28/28 MP: 2/4
  1774 | D:2      | You fall into a shaft and drop 1 floor!
  1821 | D:3      | Reached skill level 1 in Short Blades
  1821 | D:3      | Reached skill level 1 in Long Blades
  1821 | D:3      | Reached skill level 1 in Axes
  1821 | D:3      | Reached skill level 1 in Maces & Flails
  1821 | D:3      | Reached skill level 1 in Polearms
  1821 | D:3      | Reached skill level 1 in Staves
  1821 | D:3      | Reached skill level 1 in Slings
  1821 | D:3      | Reached skill level 1 in Bows
  1821 | D:3      | Reached skill level 1 in Crossbows
  1821 | D:3      | Reached skill level 1 in Throwing
  1821 | D:3      | Reached skill level 1 in Shields
  1821 | D:3      | Reached skill level 1 in Unarmed Combat
  1821 | D:3      | Reached skill level 1 in Spellcasting
  2118 | D:2      | Noticed Jessica
  2122 | D:2      | Killed Jessica
  2123 | D:2      | Reached XP level 4. HP: 33/34 MP: 5/5
  2163 | D:2      | Reached skill level 1 in Conjurations
  2163 | D:2      | Reached skill level 1 in Hexes
  2163 | D:2      | Reached skill level 1 in Summonings
  2163 | D:2      | Reached skill level 1 in Necromancy
  2163 | D:2      | Reached skill level 1 in Translocations
  2163 | D:2      | Reached skill level 1 in Transmutations
  2163 | D:2      | Reached skill level 1 in Fire Magic
  2163 | D:2      | Reached skill level 1 in Ice Magic
  2163 | D:2      | Reached skill level 1 in Air Magic
  2163 | D:2      | Reached skill level 1 in Earth Magic
  2163 | D:2      | Reached skill level 1 in Poison Magic
  2568 | D:2      | Reached XP level 5. HP: 38/40 MP: 6/6
  3480 | D:3      | Noticed Ijyb
  3481 | D:3      | Noticed a necrophage
  3534 | D:3      | Killed Ijyb
  3618 | D:3      | Noticed a sky beast
  3648 | D:3      | Killed a sky beast
  3649 | D:3      | Reached skill level 5 in Armour
  3649 | D:3      | Reached XP level 6. HP: 42/47 MP: 8/8
  3738 | D:3      | Killed a necrophage
  3972 | D:3      | Found a hide-covered altar of Uskayaw.
  3979 | D:3      | Found a bloodstained altar of Trog.
  3982 | D:3      | Found an iron altar of Okawaru.
  4335 | D:3      | HP: 1/47 [gnoll shaman (5)]
  4335 | D:3      | Mangled by a gnoll shaman

Illustrated notes

Levels and vault maps discovered:
D:1:      minmay_arrival_five_plusses, layout_basic, serial_corexii_hall,
          corexii_hall_statues_l, corexii_hall_statues_deadend,
          corexii_hall_statues_l, chequers_serial_rivers_room_b,
          hangedman_abyss_or_decor_lesser_grid, serial_park_tiny_pond
D:2:      layout_rooms, ebering_ecumenical_altar_sacrificial, uniq_jessica,
          uniq_natasha
D:3:      layout_loops_cross, minmay_overflow_temple_star_quad, uniq_ijyb
D:4:      layout_gridville

Skill      XL: |  1  2  3  4  5  6 |
---------------+-------------------+-----
Invocations    | 1 2 |  2.3
Short Blades   | 1 2 |  2.1
Long Blades    | 1 2 |  2.1
Axes           | 1 2 |  2.1
Maces & Flails | 1 2 |  2.1
Polearms       | 1 2 |  2.1
Staves         | 1 2 |  2.1
Slings         | 1 2 |  2.1
Bows           | 1 2 |  2.1
Crossbows      | 1 2 |  2.1
Throwing       | 1 2 |  2.1
Shields        | 1 2 |  2.1
Unarmed Combat | 1 2 |  2.1
Spellcasting   | 1 2 |  2.1
Conjurations   | 1 |  1.7
Hexes          | 1 |  1.7
Summonings     | 1 |  1.7
Necromancy     | 1 |  1.7
Translocations | 1 |  1.7
Transmutations | 1 |  1.7
Fire Magic     | 1 |  1.7
Ice Magic      | 1 |  1.7
Air Magic      | 1 |  1.7
Earth Magic    | 1 |  1.7
Poison Magic   | 1 |  1.7
Fighting       | 3 |  3.3
Dodging        | 3 |  3.3
Armour         | 5 |  5.0
Stealth        | 3 |  3.2
Evocations     | |  6.9

Action                   |  1- 3 |  4- 6 || total
-------------------------+-------+-------++-------
Melee: Club              |    30 |       ||    30
       Dagger            |    58 |       ||    58
       Bite              |     8 |    11 ||    19
       Flail             |    13 |   193 ||   206
 Stab: Sleeping          |     4 |       ||     4
Armor: Leather armour    |     8 |       ||     8
       Ring mail         |    23 |       ||    23
       Chain mail        |     8 |    37 ||    45
       Scale mail        |       |   107 ||   107
       Skin              |       |     1 ||     1
Dodge: Dodged            |    56 |   104 ||   160

Table legend: (Time is in decaauts)
 A = Elapsed time spent in this place.
 B = Non-inter-level travel time spent in this place.
 C = Inter-level travel time spent in this place.
 D = Time resting spent in this place.
 E = Time spent auto-exploring this place.
 F = Levels seen in this place.
 G = Mean time per level.
                   A        B        C        D        E       F      G
               +--------+--------+--------+--------+--------+-----+--------+
         Total |   4418 |   4247 |    171 |    178 |   3166 |   4 | 1104.5 |
       Dungeon |   4418 |   4247 |    171 |    178 |   3166 |   4 | 1104.5 |
               +--------+--------+--------+--------+--------+-----+--------+

Top non-repeatable levels by time:
     D:1: 1635 daAuts
     D:3: 1405 daAuts
     D:2: 1092 daAuts
     D:4: 285 daAuts
